 Dungeon Crawl Stone Soup version 0.29.1-13-g9f3cf754e1 (webtiles) character file.

Game seed: 15616755850301047449

48 DildoBatman the Conjurer (level 4, -1/32 HPs)
             Began as a Formicid Conjurer on Jan 23, 2023.
             Slain by a hobgoblin (3 damage)
             ... on level 2 of the Dungeon.
             The game lasted 00:02:26 (1021 turns).

DildoBatman the Conjurer (Formicid Conjurer)        Turns: 1021, Time: 00:02:27

Health: -1/32      AC:  3    Str: 12    XL:     4   Next: 0%
Magic:  8/8        EV: 12    Int: 25    God:
Gold:   89         SH:  0    Dex: 12    Spells: 5/8 levels left

rFire   . . .      SeeInvis +   m - +0 sling
rCold   . . .      Faith    .   (no shield)
rNeg    . . .      Spirit   .   a - +0 robe
rPois   .          Reflect  .   (helmet unavailable)
rElec   .          Harm     .   p - +0 cloak
rCorr   .          Rampage  .   (no gloves)
Will    .....                   (no boots)
Stlth   ++........              (no amulet)
HPRegen 0.10/turn               e - +6 ring of intelligence
MPRegen 0.11/turn               (no ring)

@: no status effects
A: permanent stasis, dig shafts and tunnels, antennae 3, four strong arms
a: Dig, Shaft Self


You were on level 2 of the Dungeon.
You visited 1 branch of the dungeon, and saw 2 of its levels.

You collected 89 gold pieces.

Inventory:

Hand Weapons
 c - a +0 dagger
 j - a +0 spear
 m - a +0 sling (weapon)
Armour
 a - a +0 robe (worn)
 p - a +0 cloak (worn)
Jewellery
 e - a +6 ring of intelligence (left hand)
Scrolls
 g - a scroll of vulnerability {unknown}
 h - 2 scrolls of teleportation {unknown}
 i - a scroll of fog {unknown}
 k - a scroll of amnesia {unknown}
 l - 5 scrolls of identify {unknown}
 n - a scroll of enchant armour {unknown}
 o - a scroll of magic mapping {unknown}
 q - a scroll of blinking {unknown}
Potions
 b - a potion of magic
 d - a potion of curing {unknown}
 f - a potion of flight {unknown}


   Skills:
 * Level 1.4 Fighting
 * Level 1.3 Armour
 - Level 2.0 Dodging
 - Level 2.4 Stealth
 * Level 2.7 Spellcasting
 * Level 3.9 Conjurations


You had 5 spell levels left.
You knew the following spells:

 Your Spells              Type           Power      Damage    Failure   Level
a - Searing Ray           Conj           46%        2d6       3%          2
c - Magic Dart            Conj           92%        1d7       1%          1

Your spell library contained the following spells:

 Spells                   Type           Power      Damage    Failure   Level
 Static Discharge         Conj/Air       13%        3-5/arc   7%          2
 Dazzling Flash           Conj/Hex       26%        N/A       14%         3
 Fulminant Prism          Conj/Hex       6%         3d7       41%         4
 Iskenderun's Mystic Bla  Conj/Tloc      13%        2d5       41%         4
 Sticky Flame             Conj/Fire      13%        2d4       41%         4
 Dispel Undead            Necr           3%         3d7       71%         4


Dungeon Overview and Level Annotations

Branches:
Dungeon (2/15)

Altars:


Innate Abilities, Weirdness & Mutations

You cannot be hasted, slowed, berserked, paralysed or teleported.
You can dig through walls and to a lower floor.
You have a pair of large antennae on your head. (SInv)
Your four strong arms can wield two-handed weapons with a shield.


Message History

You shout for attention!
The rat bites you but does no damage. The hobgoblin barely misses you.
What are your orders? t - Shout!
Orders for allies: a - Attack new target. r - Retreat! s - Stop attacking. g - Guard the area. f - Follow me.
Anything else - Cancel.
You shout for attention!
The rat closely misses you. The hobgoblin closely misses you.
What are your orders? t - Shout!
Orders for allies: a - Attack new target. r - Retreat! s - Stop attacking. g - Guard the area. f - Follow me.
Anything else - Cancel.
You shout for attention!
The rat closely misses you.
The hobgoblin hits you but does no damage.
What are your orders? t - Shout!
Orders for allies: a - Attack new target. r - Retreat! s - Stop attacking. g - Guard the area. f - Follow me.
Anything else - Cancel.
You shout for attention!
The rat bites you but does no damage. The hobgoblin hits you.
What are your orders? t - Shout!
Orders for allies: a - Attack new target. r - Retreat! s - Stop attacking. g - Guard the area. f - Follow me.
Anything else - Cancel.
You shout for attention!
The rat bites you but does no damage. The hobgoblin hits you.
You die...

..# ###########......# #.#
#................## #.##
#.#########.......# #..##
#># #........
##..#####.#########......#.
##.................†.....#
...#####......####.......#
#### ##>###...#.......##
#..# #.@.......# ##.#
##gr....>.# .# #K..######
.. .....# ... .##.#..# .#
..##.†. .## #### ##.


You could see a hobgoblin, a kobold and a rat.

Vanquished Creatures
  An adder (D:2)
  A dart slug (D:1)
  3 bats
  4 endoplasms
  3 giant cockroaches
  3 goblins (D:1)
  2 hobgoblins (D:1)
  4 quokkas
  5 ball pythons
  5 kobolds (D:1)
31 creatures vanquished.

Notes
Turn   | Place    | Note
-------+----------+-------------------------------------------
     0 | D:1      | DildoBatman the Formicid Conjurer began the quest for the
                  | Orb.
     0 | D:1      | Reached XP level 1. HP: 13/13 MP: 3/3
   206 | D:1      | Reached XP level 2. HP: 20/20 MP: 5/5
   209 | D:1      | Learned a level 2 spell: Searing Ray
   359 | D:1      | Reached skill level 1 in Fighting
   379 | D:1      | Reached XP level 3. HP: 24/26 MP: 4/6
   451 | D:1      | Reached skill level 1 in Armour
   957 | D:2      | Reached XP level 4. HP: 32/32 MP: 6/8
  1021 | D:2      | Slain by a hobgoblin

Illustrated notes

Levels and vault maps discovered:
D:1:      dpeg_arrival_round_b, layout_basic, minmay_tromino_i4
D:2:      layout_rooms, nicolae_ecumenical_oubliette

Skill      XL: |  1  2  3 |
---------------+----------+-----
Dodging        | 2 |  2.0
Fighting       | 1 |  1.4
Armour         | 1 |  1.3
Stealth        | |  2.4
Spellcasting   | |  2.7
Conjurations   | |  3.9

Action                   |  1- 3 |  4- 6 || total
-------------------------+-------+-------++-------
Melee: Unarmed           |     8 |       ||     8
       Dagger            |     9 |       ||     9
       Spear             |     3 |       ||     3
 Fire: Sling             |    17 |       ||    17
 Cast: Magic Dart        |    25 |       ||    25
       Searing Ray       |     3 |       ||     3
 Stab: Sleeping          |     2 |       ||     2
Armor: Robe              |     2 |    24 ||    26
Dodge: Dodged            |    27 |    56 ||    83
